 Dungeon Crawl Stone Soup version 0.29-a0-830-gcb1280458a (webtiles) character file.

Game seed: 6056590993823443724

120 lunkers the Gusty (level 5, 0/38 HPs)
             Began as a Meteoran Air Elementalist on July 11, 2022.
             Slain by an orc
             ... wielding a +0 mace
              (5 damage)
             ... on level 3 of the Dungeon.
             The game lasted 00:06:16 (806 turns).

lunkers the Gusty (Meteoran Air Elementalist)        Turns: 806, Time: 00:06:16

Health: 0/38       AC:  2    Str:  9    XL:     5   Next: 50%
Magic:  8/12       EV: 12    Int: 19    God:
Gold:   45         SH:  0    Dex: 14    Spells: 2/12 levels left

rFire   . . .      SeeInvis .   a - +2 dagger (elec)
rCold   . . .      Faith    .   (no shield)
rNeg    . . .      Spirit   .   g - +0 robe
rPois   .          Reflect  .   (no helmet)
rElec   .          Harm     .   (no cloak)
rCorr   .          Rampage  .   (no gloves)
Will    .....                   (no boots)
Stlth   +.........              e - amulet of the acrobat
HPRegen 0.12/turn               (no ring)
MPRegen 0.13/turn               (no ring)

@: glowing
A: sense surroundings 1, otherworldly, glowing, explore regen
a: no special abilities


You were on level 3 of the Dungeon.
You visited 1 branch of the dungeon, and saw 3 of its levels.

You collected 45 gold pieces.

Inventory:

Hand Weapons
 a - a +2 dagger of electrocution (weapon)
 c - a +2 spear of pain
Armour
 g - a +0 robe (worn)
Jewellery
 e - an amulet of the acrobat (around neck)
 k - a ring of see invisible
Scrolls
 d - a scroll of teleportation
 h - a scroll of identify
Potions
 b - a potion of magic


   Skills:
 - Level 2.4 Dodging
 - Level 1.4 Stealth
 + Level 4.1 Spellcasting
 - Level 1.2 Conjurations
 * Level 5.9 Air Magic


You had 2 spell levels left.
You knew the following spells:

 Your Spells              Type           Power      Damage    Failure   Level
a - Shock                 Conj/Air       68%        1d7       3%          1
b - Static Discharge      Conj/Air       17%        3-6/arc   4%          2
c - Swiftness             Air            26%        N/A       3%          3
d - Airstrike             Air            13%        0-5+      12%         4

Your spell library contained the following spells:

 Spells                   Type           Power      Damage    Failure   Level
 Apportation              Tloc           6%         N/A       14%         1
 Olgreb's Toxic Radiance  Pois           3%         N/A       80%         4
 Alistair's Intoxication  Tmut/Pois      2%         N/A       98%         5
 Ozocubu's Refrigeration  Ice            1%         4d5       100%        7
 Ignition                 Fire           1%         3d3       100%        8


Dungeon Overview and Level Annotations

Branches:
Dungeon (3/15) Zot: 992

Altars:

Annotations:
D:3 Sigmund


Innate Abilities, Weirdness & Mutations

You passively map a small area around you.
You are easily found by Zot.
You glow in the dark.
You regain HP and MP as you explore.


Message History

You hit the quokka.
The quokka is moderately wounded.
The quokka bites you.
The orc hits you from afar with a +0 trident.
You hit the quokka. Lightning courses through the quokka!
You kill the quokka!
The orc hits you with a +0 dagger.
* * * LOW HITPOINT WARNING * * *
The orc hits you from afar with a +0 trident.
* * * LOW HITPOINT WARNING * * *
The orc closely misses you. x2; The orc hits you with a +0 club.
* * * LOW HITPOINT WARNING * * *
An endoplasm comes into view.
You see here a quokka corpse.
Casting: Static Discharge (safe; 4% risk of failure)
Confirm with . or Enter, or press ? or * to list all spells.
The orc is struck by an arc of lightning.
The orc is severely wounded.
The orc is struck by an arc of lightning.
The orc is almost dead.
You are struck by an arc of lightning.
* * * LOW HITPOINT WARNING * * *
The lightning grounds out.
The orc is struck by an arc of lightning!
You kill the orc!
The orc is struck by an arc of lightning!
You kill the orc!
You are struck by an arc of lightning.
* * * LOW HITPOINT WARNING * * *
The orc is struck by an arc of lightning.
You kill the orc!
The lightning grounds out.
Casting: Static Discharge (safe; 4% risk of failure)
Confirm with . or Enter, or press ? or * to list all spells.
The orc is struck by an arc of lightning.
The orc is severely wounded.
You are struck by an arc of lightning.
* * * LOW HITPOINT WARNING * * *
The lightning grounds out.
The orc hits you with a +0 mace.
You die...

,,,**********,,,,,,,*******,,,*,,
,,,+,,,,,,,,+...,..,+,,,,,,,,,*,*
,,,*********#..$,..,*,,,,*,,,,*,,
,,,* *...,..,*,,#,*,,,,+,,
,,,**********#..,.##*#.#,**,,,*,,
,,,,,,,,,,,,,,..,..,..,,,,,,,,>,,
**************#.*J#.#*******+*+**
#)#o..# *,,,,,* #)@#*** *,,,,,+
##.# *,,,,,* #.## *,,,,,* #.!#
*,,,,,+ ##.###### *,,,,,*
#......# *,,,,,* ##.....# *,,,,,*
#.....# **+*+** #.....# *,*,*


You could see an orc and an endoplasm.

Vanquished Creatures
  An orc priest (D:2)
  Natasha (D:2)
  A dart slug (D:1)
  5 orcs (D:3)
  3 endoplasms
  12 giant cockroaches (D:2)
  A goblin (D:1)
  5 hobgoblins (D:1)
  5 jackals
  4 quokkas
  3 ball pythons
  2 bats (D:1)
  3 frilled lizards
  6 kobolds
52 creatures vanquished.

Vanquished Creatures (collateral kills)
  A kobold (D:3)
1 creature vanquished.

Grand Total: 53 creatures vanquished

Notes
Turn   | Place    | Note
-------+----------+-------------------------------------------
     0 | D:1      | lunkers the Meteoran Air Elementalist began the quest for
                  | the Orb.
     0 | D:1      | Reached XP level 1. HP: 14/14 MP: 5/5
    66 | D:1      | Reached skill level 4 in Air Magic
    66 | D:1      | Reached XP level 2. HP: 20/20 MP: 4/6
   102 | D:1      | Learned a level 2 spell: Static Discharge
   204 | D:2      | Reached XP level 3. HP: 17/26 MP: 6/8
   349 | D:3      | Noticed Sigmund
   518 | D:2      | Reached skill level 5 in Air Magic
   518 | D:2      | Reached XP level 4. HP: 9/33 MP: 3/10
   577 | D:2      | Learned a level 3 spell: Swiftness
   582 | D:2      | Learned a level 4 spell: Airstrike
   592 | D:2      | Noticed Natasha
   597 | D:2      | Killed Natasha
   598 | D:2      | Reached XP level 5. HP: 24/38 MP: 4/11
   806 | D:3      | Slain by an orc

Illustrated notes

Levels and vault maps discovered:
D:1:      scummos_arrival_simple_fountains, layout_rooms
D:2:      minmay_roachtagon, layout_loops_cross, uniq_natasha, uniq_jessica
D:3:      layout_basic, grunt_ministairs_12, uniq_sigmund

Skill      XL: |  1  2  3  4  5 |
---------------+----------------+-----
Air Magic      | 4 5 |  5.9
Spellcasting   | 3 4 |  4.1
Dodging        | |  2.4
Stealth        | |  1.4
Conjurations   | |  1.2

Action                   |  1- 3 |  4- 6 || total
-------------------------+-------+-------++-------
Melee: Spear             |     3 |       ||     3
       Punch             |     1 |       ||     1
       Dagger            |     8 |    31 ||    39
 Cast: Shock             |    25 |       ||    25
       Static Discharge  |    16 |    12 ||    28
  Use: Scroll            |     1 |     5 ||     6
Armor: Robe              |     4 |    14 ||    18
Dodge: Dodged            |    27 |    29 ||    56

Table legend: (Time is in decaauts)
 A = Elapsed time spent in this place.
 B = Non-inter-level travel time spent in this place.
 C = Inter-level travel time spent in this place.
 D = Time resting spent in this place.
 E = Time spent auto-exploring this place.
 F = Levels seen in this place.
 G = Mean time per level.
                   A        B        C        D        E       F      G
               +--------+--------+--------+--------+--------+-----+--------+
         Total |    806 |    806 |      0 |     55 |     51 |   3 |  268.7 |
       Dungeon |    806 |    806 |      0 |     55 |     51 |   3 |  268.7 |
               +--------+--------+--------+--------+--------+-----+--------+

Top non-repeatable levels by time:
     D:2: 450 daAuts
     D:1: 249 daAuts
     D:3: 106 daAuts
